[Event "XII Cracow ICC-A 2024"]
[Site "Krakow"]
[Date "2024.06.29"]
[Round "9.11"]
[White "Fus, Jakub"]
[Black "Gierulski, Kamil"]
[Result "1/2-1/2"]
[ECO "A35"]
[WhiteElo "2455"]
[BlackElo "2242"]
[Annotator "TA"]
[PlyCount "87"]
[EventDate "2024.06.20"]
[EventType "swiss"]
[EventCountry "POL"]
[SourceTitle "playchess.com"]
[Source "ChessBase"]
[SourceQuality "1"]
[TimeControl "40/5400+30:1800+30"]

1. c4 c5 2. Nc3 Nf6 3. Nf3 Nc6 4. e3 e5 5. Be2 d5 6. d4 cxd4 7. exd4 exd4 8. Nxd4 dxc4 9. Nxc6 {[%emt 0:00:32][%csl Gc6][%cal Rd1d8] [#]} Qxd1+ 10. Nxd1 bxc6 11. Bxc4 Nd5 12. Ne3 Bb4+ 13. Ke2 Nf4+ 14. Kf3 Ng6 15. Rd1 Ne5+ 16. Ke2 Bc5 {[%emt 0:02:31] [#] Threatens to win with ...Bxe3.} 17. b3 Bxe3 18. Bxe3 Nxc4 19. bxc4 Be6 20. Kd3 O-O-O+ 21. Kc3 Rxd1 22. Rxd1 Rd8 23. Rxd8+ Kxd8 24. Bxa7 $14 {[%emt 0:00:08][%mdl 4096] Endgame. KB-KB} Kc7 25. Bd4 g6 26. Kb4 Kb7 27. Kc5 h5 28. Bf6 Kc7 29. a3 Kb7 30. f3 Bf5 31. Kd4 Bc2 32. Be7 Bd1 33. Ke5 {[%emt 0:00:31] aiming for Kf6.} Be2 34. c5 Bf1 35. g3 $1 Be2 36. Kf4 (36. Kf6 $14) 36... Ka6 $11 {[%emt 0:00:41] The position is equal.} 37. g4 Kb5 38. gxh5 gxh5 39. Ke3 Bd1 40. f4 Ka4 41. Ke4 Kxa3 42. Ke5 Kb4 43. Kf6 Bb3 44. Kg5 {[%emt 0:00:36] Weighted Error Value: White=0.05 (flawless) /Black=0.04 (flawless) .  Mistake:       	White=1     	---        Inaccurate:     	White=1     	Black=2      OK:         	White=14    	Black=20     Best:        	White=1     	---        Strong:       	White=1     	---} 1/2-1/2

[Event "XII Cracow ICC-A 2024"]
[Site "Krakow"]
[Date "2024.06.29"]
[Round "9.12"]
[White "Alexiadis, Hristos"]
[Black "Pyrig, Roman"]
[Result "1-0"]
[ECO "A13"]
[WhiteElo "2378"]
[BlackElo "2260"]
[Annotator "RC"]
[PlyCount "97"]
[EventDate "2024.06.20"]
[EventType "swiss"]
[EventCountry "POL"]
[SourceTitle "playchess.com"]
[Source "ChessBase"]
[SourceQuality "1"]
[TimeControl "40/5400+30:1800+30"]

1. Nf3 d5 2. g3 Nf6 3. Bg2 e6 4. c4 c6 5. d4 Bb4+ 6. Nbd2 dxc4 7. Qc2 b5 8. a3 Be7 9. O-O Bb7 10. b3 cxb3 11. Nxb3 O-O 12. Nc5 Bc8 13. Rd1 Nfd7 14. Bb2 Qb6 15. Rac1 Rd8 16. h4 a5 17. Ng5 Nf8 18. Nd3 Bd7 19. Ne5 f6 20. Nxd7 Nbxd7 21. Nxe6 Nxe6 22. Qe4 c5 23. d5 Nef8 24. d6 Bxd6 25. Qd5+ Kh8 26. Qxd6 Qxd6 27. Rxd6 Rac8 28. Ra6 a4 29. Ra5 Rb8 30. Bc6 Rdc8 31. Bxb5 Rc7 32. Bc3 Nb6 33. Bxa4 Nc4 34. Ra6 Nxa3 35. Bd2 Ng6 36. Bc6 Ne5 37. Bf4 Rbc8 38. Ba4 h5 39. Bxe5 fxe5 40. Ra5 c4 41. Ra1 Rc5 42. Rxc5 Rxc5 43. Rxa3 Ra5 44. Kf1 e4 45. Ke1 c3 46. Kd1 g5 47. hxg5 Kg7 48. Kc2 e3 49. f4 1-0

[Event "XII Cracow ICC-A 2024"]
[Site "Krakow"]
[Date "2024.06.29"]
[Round "9.13"]
[White "Nandhidhaa, P V"]
[Black "Lohia, Sohum"]
[Result "1/2-1/2"]
[ECO "C48"]
[WhiteElo "2344"]
[BlackElo "2270"]
[Annotator "RC"]
[PlyCount "27"]
[EventDate "2024.06.20"]
[EventType "swiss"]
[EventCountry "POL"]
[SourceTitle "playchess.com"]
[Source "ChessBase"]
[SourceQuality "1"]
[TimeControl "40/5400+30:1800+30"]

1. e4 e5 2. Nf3 Nc6 3. Nc3 Nf6 4. Bb5 Nd4 5. Nxd4 exd4 6. e5 dxc3 7. exf6 Qxf6 8. dxc3 Bc5 9. Qe2+ Qe6 10. O-O O-O 11. Re1 Qxe2 12. Rxe2 c6 13. Bd3 d5 14. Be3 1/2-1/2

[Event "XII Cracow ICC-A 2024"]
[Site "Krakow"]
[Date "2024.06.29"]
[Round "9.16"]
[White "Brzezina, Piotr"]
[Black "Marszalek, Maciej"]
[Result "1-0"]
[ECO "A67"]
[WhiteElo "2298"]
[BlackElo "2255"]
[Annotator "RC"]
[PlyCount "69"]
[EventDate "2024.06.20"]
[EventType "swiss"]
[EventCountry "POL"]
[SourceTitle "playchess.com"]
[Source "ChessBase"]
[SourceQuality "1"]
[TimeControl "40/5400+30:1800+30"]

1. d4 Nf6 2. c4 c5 3. d5 e6 4. Nc3 exd5 5. cxd5 d6 6. e4 g6 7. f4 Bg7 8. Bb5+ Nfd7 9. Bd3 Qh4+ 10. g3 Qd8 11. Nf3 O-O 12. O-O Na6 13. f5 gxf5 14. exf5 Nf6 15. Bg5 c4 16. Bxc4 h6 17. Bh4 Qb6+ 18. Qd4 Ng4 19. Qxb6 axb6 20. Rae1 Nc5 21. Nb5 Bd7 22. Nxd6 Bxb2 23. Be7 Rfb8 24. h3 Nf6 25. Re2 Bc3 26. Re3 Bb2 27. Rb1 Na4 28. Rxb2 Nxb2 29. Bxf6 Nxc4 30. Nxc4 Bxf5 31. g4 Bb1 32. d6 Bxa2 33. Nxb6 Ra6 34. d7 Rxb6 35. Re8+ 1-0

[Event "XII Cracow ICC-A 2024"]
[Site "Krakow"]
[Date "2024.06.29"]
[Round "9.17"]
[White "Aakash Sharadchandra, Dalvi"]
[Black "Mahitosh Dey"]
[Result "1/2-1/2"]
[ECO "D35"]
[WhiteElo "2291"]
[BlackElo "2232"]
[Annotator "RC"]
[PlyCount "37"]
[EventDate "2024.06.20"]
[EventType "swiss"]
[EventCountry "POL"]
[SourceTitle "playchess.com"]
[Source "ChessBase"]
[SourceQuality "1"]
[TimeControl "40/5400+30:1800+30"]

1. d4 d5 2. c4 e6 3. cxd5 exd5 4. Nc3 Nf6 5. Bg5 Be7 6. e3 O-O 7. Bd3 c6 8. Nf3 Nbd7 9. Qc2 Re8 10. O-O Nf8 11. Rab1 a5 12. a3 g6 13. b4 axb4 14. axb4 Ne6 15. Bh4 Ng7 16. Bg5 Ne6 17. Bh4 Ng7 18. Bg5 Ne6 19. Bh4 1/2-1/2

[Event "XII Cracow ICC-A 2024"]
[Site "Krakow"]
[Date "2024.06.29"]
[Round "9.18"]
[White "Vasynda, Oleksandr"]
[Black "Nguyen, Piotr"]
[Result "0-1"]
[ECO "A40"]
[WhiteElo "2219"]
[BlackElo "2426"]
[Annotator "RC"]
[PlyCount "90"]
[EventDate "2024.06.20"]
[EventType "swiss"]
[EventCountry "POL"]
[SourceTitle "playchess.com"]
[Source "ChessBase"]
[SourceQuality "1"]
[TimeControl "40/5400+30:1800+30"]

1. d4 g6 2. Nf3 Bg7 3. c4 c5 4. d5 d6 5. Nc3 Bxc3+ 6. bxc3 f5 7. e3 Qa5 8. Bd2 Nf6 9. Bd3 Nbd7 10. O-O Nb6 11. Re1 Qa4 12. Qb3 O-O 13. Rab1 Rb8 14. Bc1 Qa6 15. Qc2 e5 16. dxe6 Bxe6 17. e4 fxe4 18. Bxe4 Nxe4 19. Qxe4 Bf5 20. Qe7 Rbe8 21. Qc7 Rxe1+ 22. Nxe1 Qxc4 23. Bh6 Qf7 24. Qxf7+ Rxf7 25. Rd1 Nc4 26. Nf3 Re7 27. h3 Re2 28. Kh2 Kf7 29. Ng5+ Ke7 30. Kg3 Rxa2 31. Nxh7 a5 32. Bf8+ Kd7 33. Nf6+ Kc6 34. Ne8 d5 35. Nf6 Rd2 36. Re1 a4 37. Kf3 a3 38. g4 Be4+ 39. Nxe4 dxe4+ 40. Kxe4 Rxf2 41. Bg7 Rf7 42. Kd3 Nb2+ 43. Kc2 Rxg7 44. Kb3 b5 45. Kxa3 Nd3 0-1

[Event "XII Cracow ICC-A 2024"]
[Site "Krakow"]
[Date "2024.06.29"]
[Round "9.19"]
[White "Apoorv Kamble"]
[Black "Klepek, Witold"]
[Result "1/2-1/2"]
[ECO "C00"]
[WhiteElo "2369"]
[BlackElo "2236"]
[Annotator "RC"]
[PlyCount "81"]
[EventDate "2024.06.20"]
[EventType "swiss"]
[EventCountry "POL"]
[SourceTitle "playchess.com"]
[Source "ChessBase"]
[SourceQuality "1"]
[TimeControl "40/5400+30:1800+30"]

1. e4 e6 2. Nf3 d5 3. Nc3 Nf6 4. e5 Nfd7 5. d4 c5 6. dxc5 Nc6 7. Bf4 Nxc5 8. Be2 a6 9. a3 Be7 10. Qd2 O-O 11. Rd1 b5 12. O-O Bb7 13. Nd4 Qc7 14. Nxc6 Qxc6 15. Bf3 Ne4 16. Bxe4 dxe4 17. Qe3 Rfd8 18. Bg5 Rxd1 19. Rxd1 Bf8 20. Qg3 a5 21. Rd2 b4 22. axb4 axb4 23. Nd1 Kh8 24. h4 h6 25. Be3 Be7 26. Kh2 Qb5 27. c4 bxc3 28. Nxc3 Qb4 29. Qf4 Kg8 30. Qg4 Kf8 31. Rd4 Qxb2 32. Nxe4 Qb5 33. Qf4 Qf1 34. Rd7 g5 35. Qf3 Ra1 36. hxg5 Qh1+ 37. Kg3 Bxe4 38. Qxe4 hxg5 39. Qg4 Rg1 40. Kf3 Rd1 41. Ke4 1/2-1/2

[Event "XII Cracow ICC-A 2024"]
[Site "Krakow"]
[Date "2024.06.29"]
[Round "9.20"]
[White "Backiel, Hubert"]
[Black "Suder, Jakub"]
[Result "1/2-1/2"]
[ECO "D20"]
[WhiteElo "2200"]
[BlackElo "2328"]
[Annotator "RC"]
[PlyCount "61"]
[EventDate "2024.06.20"]
[EventType "swiss"]
[EventCountry "POL"]
[SourceTitle "playchess.com"]
[Source "ChessBase"]
[SourceQuality "1"]
[TimeControl "40/5400+30:1800+30"]

1. d4 d5 2. c4 dxc4 3. e3 e5 4. Bxc4 exd4 5. Nf3 Bb4+ 6. Bd2 Bxd2+ 7. Qxd2 Nc6 8. O-O Nf6 9. exd4 O-O 10. d5 Ne7 11. Nc3 a6 12. a4 Qd6 13. Rfe1 Ng6 14. h3 Bd7 15. Qd4 Rad8 16. Bb3 Bc8 17. Rad1 Rfe8 18. Ng5 Bf5 19. Nf3 h6 20. a5 Bc8 21. Nd2 Bf5 22. Rxe8+ Rxe8 23. Ba4 Rd8 24. Nc4 Qb4 25. Ne3 Qxd4 26. Rxd4 Ne7 27. Rc4 Rc8 28. Rb4 Rb8 29. Rc4 Rc8 30. Rb4 Rb8 31. Rc4 1/2-1/2

[Event "XII Cracow ICC-A 2024"]
[Site "Krakow"]
[Date "2024.06.29"]
[Round "9.21"]
[White "Dziewonski, Dariusz"]
[Black "Stanojevic, Ilija"]
[Result "1-0"]
[ECO "C47"]
[WhiteElo "2293"]
[BlackElo "2260"]
[Annotator "RC"]
[PlyCount "97"]
[EventDate "2024.06.20"]
[EventType "swiss"]
[EventCountry "POL"]
[SourceTitle "playchess.com"]
[Source "ChessBase"]
[SourceQuality "1"]
[TimeControl "40/5400+30:1800+30"]

1. e4 e5 2. Nf3 Nc6 3. Nc3 Nf6 4. d4 exd4 5. Nxd4 Bb4 6. Nxc6 bxc6 7. Bd3 d5 8. Bd2 O-O 9. O-O Rb8 10. Re1 Re8 11. exd5 cxd5 12. Rxe8+ Qxe8 13. Bg5 Ne4 14. Be3 Nxc3 15. bxc3 Bd6 16. Bxa7 Ra8 17. Bd4 Be6 18. Qh5 g6 19. Qh6 Bf8 20. Qe3 Bd7 21. c4 Qxe3 22. fxe3 c5 23. Bc3 dxc4 24. Bxc4 Bf5 25. a4 Bxc2 26. a5 Bg7 27. Bxg7 Kxg7 28. Bd5 Ra7 29. Rc1 Bd3 30. Rxc5 h5 31. Kf2 Kf6 32. Bf3 Ke6 33. Rc3 Bb5 34. Ra3 f5 35. h4 Ke5 36. Be2 Bc6 37. a6 Be4 38. Bf3 Bc2 39. Bb7 Bb1 40. Kg3 Bc2 41. Rc3 Be4 42. Bxe4 Kxe4 43. Ra3 Ke5 44. Kf3 Ke6 45. Kf4 Kf6 46. Ra2 Ke6 47. e4 fxe4 48. Kxe4 Kd6 49. Kd4 1-0

[Event "XII Cracow ICC-A 2024"]
[Site "Krakow"]
[Date "2024.06.29"]
[Round "9.22"]
[White "Kutowski, Marcel"]
[Black "Rudolf, Michal"]
[Result "1/2-1/2"]
[ECO "D19"]
[WhiteElo "2230"]
[BlackElo "2287"]
[Annotator "RC"]
[PlyCount "167"]
[EventDate "2024.06.20"]
[EventType "swiss"]
[EventCountry "POL"]
[SourceTitle "playchess.com"]
[Source "ChessBase"]
[SourceQuality "1"]
[TimeControl "40/5400+30:1800+30"]

1. d4 d5 2. c4 c6 3. Nf3 Nf6 4. Nc3 dxc4 5. a4 Bf5 6. e3 e6 7. Bxc4 Bb4 8. O-O O-O 9. Qe2 Bg6 10. Ne5 Nbd7 11. Nxg6 hxg6 12. Rd1 Qa5 13. Qc2 Rfd8 14. Na2 Be7 15. b4 Qc7 16. Bb2 a5 17. Qb3 Nb6 18. Be2 axb4 19. Nxb4 Nbd5 20. Nd3 Qb6 21. Qxb6 Nxb6 22. a5 Nc4 23. Bc3 Nd5 24. Be1 Bf6 25. Rdc1 Ncxe3 26. fxe3 Nxe3 27. Rab1 Bxd4 28. Rxb7 Nc4+ 29. Kh1 Nxa5 30. Bxa5 Rxa5 31. Rxc6 Ra1+ 32. Rc1 Rxc1+ 33. Nxc1 Ra8 34. Rb1 Ra1 35. Rxa1 Bxa1 36. Kg1 Kf8 37. Kf2 Ke7 38. Ke3 Be5 39. h3 Ba1 40. Nb3 Bb2 41. Bc4 Kd6 42. Bb5 Be5 43. Nd2 Ke7 44. Ne4 Bb2 45. Ba4 Be5 46. Nd2 Bg3 47. Nf3 Kd6 48. Kd4 Bf2+ 49. Kc4 Be3 50. Bb3 Bf4 51. Kb5 Be3 52. Ba2 Bf2 53. Ng5 Ke7 54. Kc6 Bg3 55. Bb3 Bf4 56. Nf3 Bg3 57. Ba4 Bf4 58. Bb5 Bg3 59. Kb7 Bf4 60. Kc8 Bg3 61. Ba4 Bf2 62. Ne5 Bh4 63. Bd7 Bg3 64. Nc6+ Kf8 65. Kb7 Bf2 66. Na5 Ke7 67. Kc6 Bg3 68. Nc4 Bf4 69. Bc8 Bg3 70. Ba6 Bf4 71. Bb5 Bg3 72. Ba4 Bf4 73. Kb7 Bg3 74. Kc8 Bf2 75. Na5 Bh4 76. Nc6+ Kd6 77. Nd8 Ke7 78. Bb5 Bg5 79. Be2 Bh4 80. Bf3 Bg5 81. g3 Bf6 82. Nc6+ Kd6 83. Nd8 Ke7 84. Nc6+ 1/2-1/2

[Event "XII Cracow ICC-A 2024"]
[Site "Krakow"]
[Date "2024.06.29"]
[Round "9.23"]
[White "Petrovic, Aleksa"]
[Black "Patil Priyanshu"]
[Result "1/2-1/2"]
[ECO "E10"]
[WhiteElo "2303"]
[BlackElo "2165"]
[Annotator "RC"]
[PlyCount "119"]
[EventDate "2024.06.20"]
[EventType "swiss"]
[EventCountry "POL"]
[SourceTitle "playchess.com"]
[Source "ChessBase"]
[SourceQuality "1"]
[TimeControl "40/5400+30:1800+30"]

1. d4 Nf6 2. c4 e6 3. Nf3 d5 4. e3 Nbd7 5. Bd3 b6 6. O-O Bd6 7. cxd5 exd5 8. b3 Bb7 9. Ba3 c5 10. dxc5 bxc5 11. Nc3 O-O 12. Nb5 Be7 13. Rc1 a6 14. Nc3 Bd6 15. Na4 Rc8 16. Rc2 Qe7 17. Bf5 Rc7 18. Bb2 Bc6 19. Re1 Bxa4 20. bxa4 Ne5 21. Nxe5 Bxe5 22. Qa1 Bxb2 23. Qxb2 Rb7 24. Qc3 g6 25. Bd3 c4 26. Be2 Qb4 27. f3 Qxc3 28. Rxc3 Rb4 29. e4 Rxa4 30. exd5 Nxd5 31. Rxc4 Rxa2 32. Rd4 Re8 33. Rxd5 Rexe2 34. Rxe2 Rxe2 35. Rd7 Kg7 36. Ra7 Ra2 37. h4 h5 38. Kh2 a5 39. Ra6 a4 40. Kh3 a3 41. Kg3 Ra1 42. Kf4 f6 43. Ra7+ Kf8 44. Ra6 Ke7 45. Ra7+ Kd8 46. Ra6 a2 47. Kg3 Kc7 48. Kh2 Kb7 49. Ra3 Kb6 50. Ra8 Kc5 51. Ra5+ Kd4 52. Ra4+ Ke3 53. Ra3+ Kf2 54. Ra8 g5 55. hxg5 fxg5 56. Ra7 h4 57. Ra8 Ke3 58. Ra3+ Kd4 59. Ra8 Kc4 60. Rc8+ 1/2-1/2

[Event "XII Cracow ICC-A 2024"]
[Site "Krakow"]
[Date "2024.06.29"]
[Round "9.24"]
[White "Collin, Moritz Valentin"]
[Black "Meessen, Rudolf"]
[Result "1/2-1/2"]
[ECO "E60"]
[WhiteElo "2312"]
[BlackElo "2182"]
[Annotator "RC"]
[PlyCount "80"]
[EventDate "2024.06.20"]
[EventType "swiss"]
[EventCountry "POL"]
[SourceTitle "playchess.com"]
[Source "ChessBase"]
[SourceQuality "1"]
[TimeControl "40/5400+30:1800+30"]

1. d4 Nf6 2. c4 g6 3. h4 Bg7 4. Nc3 O-O 5. e4 d6 6. Be2 c5 7. d5 e6 8. h5 exd5 9. exd5 Re8 10. h6 Bh8 11. Bg5 Qb6 12. b3 Ne4 13. Nxe4 Rxe4 14. Kf1 Nd7 15. Rb1 a5 16. f3 Re8 17. Nh3 a4 18. Nf2 axb3 19. Rxb3 Qa6 20. a3 f5 21. Bc1 Nf6 22. Bb2 Bd7 23. Qa1 Rxe2 24. Kxe2 Qxc4+ 25. Rd3 Qc2+ 26. Rd2 Bb5+ 27. Ke1 Re8+ 28. Ne4 Rxe4+ 29. fxe4 Qxe4+ 30. Kd1 Ba4+ 31. Kc1 Qc4+ 32. Kb1 Qe4+ 33. Kc1 Qc4+ 34. Kb1 Ne4 35. Rhd1 Bxd1 36. Rxd1 Qb3 37. Kc1 Qc4+ 38. Kb1 Qb3 39. Kc1 Qc4+ 40. Kb1 Qb3 1/2-1/2